 Dungeon Crawl Stone Soup version 0.28.0-53-g5a82cb258f (webtiles) character file.

Game seed: 15030322958658508958

336 buriedalive the Chiller (level 6, 0/32 HPs)
             Began as a Deep Elf Ice Elementalist on June 10, 2022.
             Slain by an orc warrior
             ... wielding a +0 scimitar
              (8 damage)
             ... on level 5 of the Dungeon.
             The game lasted 00:08:04 (3980 turns).

buriedalive the Chiller (Deep Elf Ice Elementalist) Turns: 3980, Time: 00:08:05

Health: 0/32       AC:  9    Str:  5    XL:     6   Next: 28%
Magic:  5/15       EV: 14    Int: 22    God:
Gold:   170        SH:  0    Dex: 15    Spells: 8/15 levels left

rFire   . . .      SeeInvis .   i - +3 dagger (venom)
rCold   . . .      Faith    .   (no shield)
rNeg    . . .      Spirit   .   a - +0 robe
rPois   .          Reflect  .   (no helmet)
rElec   .          Harm     .   (no cloak)
rCorr   .          Rampage  .   (no gloves)
Will    .....                   (no boots)
Stlth   ++........              (no amulet)
HPRegen 0.10/turn               (no ring)
MPRegen 0.14/turn               (no ring)

@: ice-armoured
A: no striking features
a: no special abilities


You were on level 5 of the Dungeon.
You visited 1 branch of the dungeon, and saw 5 of its levels.

You collected 170 gold pieces.

Inventory:

Hand Weapons
 d - the +2 hunting sling of Insomnia {flame, rElec Str+2}
   (You found it on level 2 of the Dungeon)

   Any ammunition fired from it burns those it strikes, dealing additional fire
   damage.
   Str:       It affects your strength (+2).
   rElec:     It insulates you from electricity.
 g - a +0 dagger
 i - a +3 dagger of venom (weapon)
 k - a +0 rapier
Missiles
 f - 41 stones
 n - 18 sling bullets
Armour
 a - a +0 robe (worn)
 b - a +0 pair of boots
 h - a +2 helmet
Jewellery
 e - an amulet of magic regeneration
Scrolls
 o - a scroll of magic mapping
Potions
 c - a potion of might {unknown}
 m - a potion of lignification {unknown}
 q - a potion of attraction {unknown}


   Skills:
 + Level 5.3 Dodging
 - Level 2.4 Stealth
 - Level 5.0 Spellcasting
 + Level 6.2 Ice Magic


You had 8 spell levels left.
You knew the following spells:

 Your Spells              Type           Power      Damage    Failure   Level
a - Freeze                Ice            100%       1d11      1%          1
b - Ozocubu's Armour      Ice            32%        N/A       2%          3
c - Frozen Ramparts       Ice            64%        1d8       2%          3

Your spell library contained the following spells:

 Spells                   Type           Power      Damage    Failure   Level
 Sandblast                Erth           10%        2d5       10%         1
 Passwall                 Tmut/Erth      4%         N/A       16%         2
 Hailstorm                Conj/Ice       19%        3d6       28%         4
 Call Canine Familiar     Summ           5%         N/A       30%         3
 Portal Projectile        Hex/Tloc       10%        N/A       30%         3
 Stone Arrow              Conj/Erth      10%        3d7       30%         3
 Leda's Liquefaction      Hex/Erth       2%         N/A       69%         4


Dungeon Overview and Level Annotations

Branches:
Dungeon (4/15)
 Temple: D:4-7

Altars:

Annotations:
D:5 Edmund


Message History

You closely miss the orc.
The orc is moderately wounded.
The centaur zombie completely resists.
The wall freezes the centaur zombie but does no damage.
The wall freezes the orc.
You kill the orc!
The wall freezes the orc warrior.
The wall freezes the iguana!
You kill the iguana!
The wall freezes the orc.
The centaur zombie resists.
The wall freezes the centaur zombie.
You hit the orc.
The orc is poisoned.
The orc is severely wounded.
You kill the orc!
The centaur zombie completely resists.
The wall freezes the centaur zombie but does no damage.
The wall freezes the orc warrior.
You hit the centaur zombie.
The centaur zombie is lightly damaged.
The centaur zombie completely resists.
The wall freezes the centaur zombie but does no damage.
The centaur zombie closely misses you.
The centaur zombie kicks you but does no damage.
The wall freezes the orc warrior!
Okay, then.
As you read the scroll of holy word, it crumbles to dust.
You speak a Word of immense power!
The centaur zombie convulses!
You destroy the centaur zombie!
The frozen ramparts melt away.
Unknown command.
You hit the orc warrior but do no damage.
The orc warrior is poisoned.
The orc warrior is severely wounded.
The orc warrior hits you with a +0 scimitar.
* * * LOW HITPOINT WARNING * * *
Unknown command.
Casting: Freeze (safe; 1% risk of failure)
Confirm with . or Enter, or press ? or * to list all spells.
Your icy armour thickens.
The orc warrior hits you with a +0 scimitar!
You die...

,,,,* **,.#######...#...Zl.......
,,,** *,,..#..#....##.#...Z.....#
,,,,***,,r..?...#.....#.......###
,,,,,,,,,,#...........####...##
,,,,,,,***#.o.........# #...#*
,,,**,,**##...........# #....#
,,***,,,,......)......# ##.###
,** *,,,,,....##o##..## #.# **
**,,**##.,,#@.#### ### ****
*#..)..# ##...## ###.# ###


You could see an orc warrior (very poisoned).

Vanquished Creatures
  A bullfrog zombie (D:5)
  A centaur zombie (D:5)
  An orc priest (D:3)
  2 iguanas
  Natasha (twice) (D:3)
  3 adders
  An ufetubus (D:5)
  4 worms
  12 orcs
  7 ball pythons
  10 endoplasms
  6 giant cockroaches
  6 goblins
  8 hobgoblins
  2 jackals (D:1)
  5 quokkas
  2 bats (D:1)
  3 frilled lizards
  4 kobolds
  3 rats
83 creatures vanquished.

Notes
Turn   | Place    | Note
-------+----------+-------------------------------------------
     0 | D:1      | buriedalive the Deep Elf Ice Elementalist began the quest
                  | for the Orb.
     0 | D:1      | Reached XP level 1. HP: 10/10 MP: 6/6
   232 | D:1      | Reached XP level 2. HP: 8/15 MP: 6/8
   639 | D:1      | Found a faded altar of an unknown god.
   809 | D:1      | Reached XP level 3. HP: 17/19 MP: 7/10
   836 | D:1      | Learned a level 3 spell: Ozocubu's Armour
   840 | D:1      | Learned a level 3 spell: Frozen Ramparts
  1636 | D:2      | Reached skill level 5 in Ice Magic
  1777 | D:2      | Reached XP level 4. HP: 20/24 MP: 10/12
  1891 | D:2      | Identified the +2 hunting sling of Insomnia {flame, rElec
                  | Str+2}
  2343 | D:3      | Noticed Natasha
  2347 | D:3      | Killed Natasha
  2348 | D:3      | Reached XP level 5. HP: 28/28 MP: 11/14
  2431 | D:3      | Noticed Natasha
  2444 | D:3      | Killed Natasha
  2445 | D:3      | Reached skill level 5 in Spellcasting
  3703 | D:4      | You fall into a shaft and drop 1 floor!
  3703 | D:5      | Entered Level 5 of the Dungeon
  3931 | D:5      | Noticed Edmund
  3963 | D:5      | Noticed an orc warrior
  3972 | D:5      | Reached skill level 5 in Dodging
  3972 | D:5      | Reached skill level 6 in Ice Magic
  3972 | D:5      | Reached XP level 6. HP: 11/32 MP: 10/15
  3980 | D:5      | Slain by an orc warrior

Illustrated notes

Levels and vault maps discovered:
D:1:      minmay_arrival_radiant_lines, layout_loops_ring,
          nicolae_ecumenical_snake_handling
D:2:      layout_rooms
D:3:      layout_basic, uniq_natasha
D:4:      layout_cave_pools, overflow_temple_1_default, grunt_gozag_statues,
          uniq_crazy_yiuf_cottage, uniq_duvessa
D:5:      layout_cave_pools, uniq_ijyb, uniq_edmund

Skill      XL: |  1  2  3  4  5 |
---------------+----------------+-----
Dodging        | 3 4 5 |  5.3
Spellcasting   | 4 5 |  5.0
Ice Magic      | 5 6 |  6.2
Stealth        | |  2.4

Action                   |  1- 3 |  4- 6 || total
-------------------------+-------+-------++-------
Melee: Unarmed           |     4 |       ||     4
       Dagger            |    27 |    55 ||    82
       Short sword       |     2 |       ||     2
       Punch             |       |     1 ||     1
 Cast: Freeze            |    53 |    24 ||    77
       Frozen Ramparts   |       |     3 ||     3
       Ozocubu's Armour  |       |     2 ||     2
  Use: Scroll            |     7 |     5 ||    12
       Potion            |       |     2 ||     2
 Stab: Sleeping          |     2 |     6 ||     8
       Distracted        |       |     1 ||     1
Armor: Robe              |    14 |    10 ||    24
Dodge: Dodged            |    49 |    75 ||   124
